 Dungeon Crawl Stone Soup version 0.27-a0-1101-ge311f74bc8 (webtiles) character file.

Game seed: 17127344424095606854

1875 tardwrangler69 the Geomancer (level 9, -1/51 HPs)
             Began as an Octopode Earth Elementalist on Apr 29, 2021.
             Was a Follower of Vehumet.
             Slain by Maggie
             ... wielding a +1 vorpal scimitar
              (18 damage)
             ... on level 7 of the Dungeon.
             The game lasted 00:09:46 (8475 turns).

tardwrangler69 the Geomancer (OpEE)                 Turns: 8475, Time: 00:09:47

Health: -1/51      AC:  1    Str:  7    XL:     9   Next: 14%
Magic:  3/18       EV: 13    Int: 20    God:    Vehumet [*.....]
Gold:   255        SH:  0    Dex: 19    Spells: 16/20 levels left

rFire    . . .     SeeInvis .   f - +2 dagger (freeze)
rCold    . . .     Faith    .   (no shield)
rNeg     . . .     Spirit   .   (helmet restricted)
rPois    .         Reflect  .   (no amulet)
rElec    .         Harm     .   l - +6 ring of dexterity
rCorr    .         Rampage  .   m - ring of flight
Will     +....                  r - ring of willpower
Stlth    +++.......             (no ring)
HPRegen  0.17/turn              (no ring)
MPRegen  0.16/turn              (no ring)
                                (no ring)
                                (no ring)

@: flying
A: almost no armour, amphibious, 8 rings, camouflage 1, gelatinous body 1,
(nimble swimmer 1), tentacles
a: Renounce Religion


You were on level 7 of the Dungeon.
You worshipped Vehumet.
Vehumet was aware of your devotion.
You visited 2 branches of the dungeon, and saw 8 of its levels.

You collected 255 gold pieces.

Inventory:

Hand Weapons
 f - a +2 dagger of freezing (weapon)
Missiles
 b - 77 stones
 p - 8 atropa-tipped darts
Jewellery
 l - a +6 ring of dexterity (left tentacle)
 m - a ring of flight (right tentacle)
 r - a ring of willpower (on tentacle)
Wands
 a - a wand of acid (8)
 o - a wand of iceblast (3)
Scrolls
 c - 5 scrolls of teleportation
 q - 4 scrolls of amnesia
 t - a scroll of identify
 u - a scroll of immolation {unknown}
Potions
 d - a potion of magic {unknown}
 e - 3 potions of lignification {unknown}
 g - 5 potions of curing
 h - 3 potions of heal wounds
 i - a potion of berserk rage {unknown}
 j - a potion of flight {unknown}
 k - a potion of might {unknown}
 n - a potion of attraction {unknown}
 s - a potion of cancellation {unknown}


   Skills:
 - Level 2.0 Dodging
 - Level 2.6 Stealth
 - Level 6.0 Spellcasting
 + Level 2.9 Conjurations
 - Level 1.0 Transmutations
 * Level 9.7 Earth Magic


You had 16 spell levels left.
You knew the following spells:

 Your Spells              Type           Power      Damage    Failure   Level
a - Sandblast             Erth           90%        2d19      1%          1
b - Stone Arrow           Conj/Erth      62%        3d10      2%          3

Your spell library contained the following spells:

 Spells                   Type           Power      Damage    Failure   Level
 Magic Dart               Conj           68%        1d6       3%          1
 Passwall                 Tmut/Erth      22%        N/A       1%          2
 Lee's Rapid Deconstruct  Erth           22%        3d14*     5%          5
 Petrify                  Tmut/Erth      27%        N/A       12%         4
 Confusing Touch          Hex            6%         N/A       30%         3
 Gell's Gravitas          Tloc           3%         N/A       30%         3
 Yara's Violent Unravell  Hex/Tmut       4%         3d4       93%         5
 Metabolic Englaciation   Hex/Ice        3%         N/A       96%         5


Dungeon Overview and Level Annotations

Branches:
Dungeon (7/15)             Temple (1/1) D:4

Altars:
Cheibriados
Dithmenos
Elyvilon
Fedhas
Gozag
Hepliaklqana
Makhleb
Qazlal
Ru
Sif Muna
Trog
Uskayaw
Vehumet
Xom
Yredelemnul
Zin
The Shining One

Shops:
D:5 *

Annotations:
D:7 Maggie


Innate Abilities, Weirdness & Mutations

You cannot wear most types of armour.
You are amphibious.
You can wear up to eight rings at the same time.
Your skin changes colour to match your surroundings (Stealth+).
Your rubbery body absorbs attacks. (AC +1, EV +1)
((You are camouflaged near water. (Stealth+)))
You have tentacles for arms and can constrict up to eight enemies at once.


Message History

The bolt of fire hits you!!
Casting: Stone Arrow (dangerous; 2% risk of failure)
Confirm with . or Enter, or press ? or * to list all spells.
Aiming: Stone Arrow (dangerous; 2% risk of failure)
Press: ? - help, Shift-Dir - straight line, f/p - Maggie
Aim: Maggie, wielding a +1 vorpal scimitar and wearing +0 acid dragon scales (moderately wounded, 74% to hit)
The stone arrow misses Maggie.
A scorpion comes into view.
Casting: Stone Arrow (dangerous; 2% risk of failure)
Confirm with . or Enter, or press ? or * to list all spells.
Aiming: Stone Arrow (dangerous; 2% risk of failure)
Press: ? - help, Shift-Dir - straight line, f/p - Maggie
Aim: Maggie, wielding a +1 vorpal scimitar and wearing +0 acid dragon scales (moderately wounded, 74% to hit)
The stone arrow hits Maggie!
Maggie is heavily wounded.
Casting: Stone Arrow (dangerous; 2% risk of failure)
Confirm with . or Enter, or press ? or * to list all spells.
Aiming: Stone Arrow (dangerous; 2% risk of failure)
Press: ? - help, Shift-Dir - straight line, f/p - Maggie
Aim: Maggie, wielding a +1 vorpal scimitar and wearing +0 acid dragon scales (heavily wounded, 74% to hit)
The stone arrow hits Maggie.
Maggie is heavily wounded.
Maggie closely misses you.
Casting: Stone Arrow (dangerous; 2% risk of failure)
Confirm with . or Enter, or press ? or * to list all spells.
Aiming: Stone Arrow (dangerous; 2% risk of failure)
Press: ? - help, Shift-Dir - straight line, f/p - Maggie
Aim: Maggie, wielding a +1 vorpal scimitar and wearing +0 acid dragon scales (heavily wounded, 74% to hit)
The stone arrow hits Maggie.
Maggie is severely wounded.
Maggie hits you with a +1 vorpal scimitar!
Casting: Stone Arrow (dangerous; 2% risk of failure)
Confirm with . or Enter, or press ? or * to list all spells.
Aiming: Sandblast (safe; 1% risk of failure)
Press: ? - help, Shift-Dir - straight line, f/p - Maggie
Aim: Maggie, wielding a +1 vorpal scimitar and wearing +0 acid dragon scales (severely wounded, 83% to hit)
The blast of sand hits Maggie!
Maggie is severely wounded.
Maggie hits you with a +1 vorpal scimitar!!
You die...

## ..... .## ...
....##...### ....
##...........
....##..........>.
..................
....s.............
.......@..........
.......@..........
...............[..
..##....$.........
###..............
#................
#....<...........
##..##)........#.
### .........##
#...........


You could see Maggie and a scorpion.

Vanquished Creatures
  A steam dragon (D:7)
  A black bear (D:6)
  2 ice beasts
  2 orc warriors (D:6)
  3 ogres
  A phantom (D:5)
  A water moccasin zombie (D:5)
  A water moccasin skeleton (D:5)
  A howler monkey (D:6)
  A bullfrog zombie (D:5)
  2 centaur zombies (D:5)
  3 hounds
  A jelly (D:5)
  A centaur skeleton (D:6)
  A bullfrog skeleton (D:5)
  An iguana (D:5)
  Ijyb (D:5)
  Natasha (thrice) (D:3)
  4 orc wizards (D:6)
  A hound skeleton (D:5)
  4 gnolls (D:3)
  5 adders
  A white imp (D:5)
  An ufetubus (D:4)
  An adder skeleton (D:4)
  3 worms
  A dart slug (D:4)
  19 orcs
  5 ball pythons
  5 endoplasms
  3 giant cockroaches (D:3)
  7 goblins
  7 hobgoblins
  13 jackals
  6 quokkas
  8 bats
  5 frilled lizards
  8 kobolds
  7 rats
141 creatures vanquished.

Vanquished Creatures (others)
  A sky beast (D:6)
1 creature vanquished.

Grand Total: 142 creatures vanquished

Notes
Turn   | Place    | Note
-------+----------+-------------------------------------------
     0 | D:1      | tardwrangler69 the Octopode Earth Elementalist began the
                  | quest for the Orb.
     0 | D:1      | Reached XP level 1. HP: 11/11 MP: 3/3
   245 | D:1      | Reached XP level 2. HP: 12/17 MP: 5/5
   826 | D:1      | Reached XP level 3. HP: 21/21 MP: 6/6
  1310 | D:1      | Reached skill level 4 in Earth Magic
  1652 | D:1      | Learned a level 3 spell: Stone Arrow
  1884 | D:2      | Found a sacrificial altar of Ru.
  2040 | D:2      | Reached XP level 4. HP: 12/27 MP: 6/8
  2306 | D:2      | Became a worshipper of Ru the Awakened
  2987 | D:3      | Reached XP level 5. HP: 29/31 MP: 6/9
  3128 | D:3      | Noticed Natasha
  3139 | D:3      | Killed Natasha
  3140 | D:3      | Reached skill level 5 in Earth Magic
  3486 | D:3      | Noticed an ice beast
  3504 | D:3      | Killed an ice beast
  3505 | D:3      | Reached XP level 6. HP: 36/36 MP: 4/11
  3636 | D:3      | Noticed Natasha
  3640 | D:3      | Killed Natasha
  3684 | D:3      | Noticed Natasha
  3687 | D:3      | Killed Natasha
  4181 | D:4      | Found a glowing silver altar of Zin.
  4181 | D:4      | Found an opulent altar of Gozag.
  4208 | D:4      | Reached skill level 6 in Earth Magic
  4567 | D:4      | Reached XP level 7. HP: 15/41 MP: 8/13
  4810 | D:4      | Found a staircase to the Ecumenical Temple.
  5075 | Temple   | Entered the Ecumenical Temple
  5159 | Temple   | Fell from the grace of Ru
  5159 | Temple   | Became a worshipper of Vehumet
  5251 | D:5      | Entered Level 5 of the Dungeon
  5253 | D:5      | Found Dotometu's Assorted Antiques.
  5523 | D:5      | Reached skill level 7 in Earth Magic
  6069 | D:5      | Noticed Ijyb
  6076 | D:5      | Killed Ijyb
  6171 | D:5      | Reached XP level 8. HP: 32/46 MP: 8/15
  6174 | D:5      | Reached skill level 5 in Spellcasting
  6491 | D:5      | Found a bloodstained altar of Trog.
  6583 | D:6      | Reached skill level 8 in Earth Magic
  6682 | D:6      | Reached * piety under Vehumet
  6682 | D:6      | Offered knowledge of Magic Dart by Vehumet.
  7022 | D:6      | Reached skill level 1 in Conjurations
  7212 | D:6      | Reached skill level 9 in Earth Magic
  8101 | D:6      | Reached XP level 9. HP: 40/51 MP: 1/18
  8433 | D:7      | Noticed Maggie
  8475 | D:7      | Slain by Maggie

Illustrated notes

Levels and vault maps discovered:
D:1:      erik_arrival_triangle_small, layout_loops_ring
D:2:      layout_rooms, basic_altar, roderic_cross_of_infinity
D:3:      minmay_diamond_boxcup, layout_basic, minmay_stone_trees_medium,
          minivault_26, uniq_natasha
D:4:      layout_basic, grunt_temple_overflow_gold_and_silver,
          minmay_temple_entry_poolview, amcnicky_mini_rare_corridor_liquid
D:5:      layout_layer_cave, bloody_trog, serial_shops,
          nicolae_shop_temple_entry_statues_fountains, uniq_ijyb
D:6:      layout_basic
D:7:      layout_cave_pools, serial_shops, nicolae_shop_stone, uniq_maggie,
          uniq_menkaure, uniq_pikel, uniq_prince_ribbit1
Temple:   jpeg_temple_clearing

Skill      XL: |  1  2  3  4  5  6  7  8 |
---------------+-------------------------+-----
Earth Magic    | 4 5 6 7 9 |  9.7
Spellcasting   | 3 4 6 |  6.0
Conjurations   | 2 |  2.9
Dodging        | |  2.0
Stealth        | |  2.6
Transmutations | |  1.0

Action                   |  1- 3 |  4- 6 |  7- 9 || total
-------------------------+-------+-------+-------++-------
Melee: Short sword       |    47 |       |       ||    47
       Unarmed           |     4 |       |       ||     4
       Constrict         |    17 |    17 |     8 ||    42
       Tentacles         |    15 |     9 |    13 ||    37
       Dagger            |    25 |    70 |    44 ||   139
 Cast: Sandblast         |    22 |    37 |    42 ||   101
       Stone Arrow       |       |       |    48 ||    48
  Use: Scroll            |       |       |     7 ||     7
 Stab: Sleeping          |     5 |    14 |     3 ||    22
Armor: Skin              |     6 |     8 |     7 ||    21
Dodge: Dodged            |    53 |    65 |    58 ||   176

Table legend: (Time is in decaauts)
 A = Elapsed time spent in this place.
 B = Non-inter-level travel time spent in this place.
 C = Inter-level travel time spent in this place.
 D = Time resting spent in this place.
 E = Time spent auto-exploring this place.
 F = Levels seen in this place.
 G = Mean time per level.
                   A        B        C        D        E       F      G
               +--------+--------+--------+--------+--------+-----+--------+
         Total |   8486 |   8097 |    389 |    626 |   6439 |   8 | 1060.8 |
       Dungeon |   8373 |   8027 |    346 |    626 |   6371 |   7 | 1196.1 |
        Temple |    112 |     69 |     43 |      0 |     68 |   1 |  112.0 |
               +--------+--------+--------+--------+--------+-----+--------+

Top non-repeatable levels by time:
     D:5: 1818 daAuts
     D:1: 1676 daAuts
     D:3: 1475 daAuts
     D:6: 1380 daAuts
     D:4: 1194 daAuts
     D:2: 800 daAuts
  Temple: 112 daAuts
     D:7: 27 daAuts
